 Dungeon Crawl Stone Soup version 0.30.0-10-gfe55d96785 (webtiles) character file.

Game seed: 17805244522388653130

2693 hawla the Thaumaturge (level 10, -8/70 HPs)
             Began as a Meteoran Fire Elementalist on May 14, 2023.
             Was an Initiate of Gozag.
             Mangled by Joseph
             ... wielding a +0 quarterstaff
              (16 damage)
             ... on level 7 of the Dungeon.
             The game lasted 00:13:10 (2028 turns).

hawla the Thaumaturge (Meteoran Fire Elementalist)  Turns: 2028, Time: 00:13:11

Health: -8/70      AC:  5    Str:  9    XL:     10   Next: 17%
Magic:  1/33       EV: 13    Int: 26    God:    Gozag
Gold:   415        SH:  0    Dex: 14    Spells: 21/28 levels left

rFire   + . .        b - +1 mace of Orhor {heavy, rElec Int+3 SInv}
rCold   x . .        (no shield)
rNeg    . . .        a - +0 robe
rPois   .            (no helmet)
rElec   +            o - +0 cloak
rCorr   .            p - +0 pair of gloves
SInv    +            i - +0 pair of boots
Will    +....        (no amulet)
Stlth   +            k - ring of fire
HPRegen 0.31/turn    m - ring of magical power
MPRegen 0.23/turn

%: no passive effects
@: gold aura, glowing
A: sense surroundings 2, otherworldly, glowing, explore regen
a: Renounce Religion, Potion Petition, Call Merchant, Bribe Branch


You were on level 7 of the Dungeon.
You worshipped Gozag.
Gozag was aware of your devotion.
You visited 1 branch of the dungeon, and saw 7 of its levels.

You collected 685 gold pieces.
You spent 180 gold pieces at shops.
You paid 90 gold pieces to Gozag.

Inventory:

Hand Weapons
 b - the +1 mace of Orhor (weapon) {heavy, rElec Int+3 SInv}
   (You found it on level 6 of the Dungeon)

   Int:       It affects your intelligence (+3).
   rElec:     It insulates you from electricity.
   SInv:      It lets you see invisible.
 u - a +0 quarterstaff
Armour
 a - a +0 robe (worn)
 i - a +0 pair of boots (worn)
 o - a +0 cloak (worn)
 p - a +0 pair of gloves (worn)
Jewellery
 k - a ring of fire (left hand)
 m - a ring of magical power (right hand)
Scrolls
 e - 3 scrolls of identify {unknown}
 f - 2 scrolls of vulnerability {unknown}
 h - a scroll of enchant armour {unknown}
 j - 3 scrolls of teleportation {unknown}
 n - a scroll of blinking {unknown}
 q - a scroll of summoning {unknown}
 t - a scroll of fog {unknown}
Potions
 c - 5 potions of curing
 d - a potion of heal wounds {unknown}
 g - a potion of attraction {unknown}
 l - a potion of might {unknown}
 r - a potion of flight
 s - a potion of lignification


   Skills:
 + Level 0.7 Fighting
 + Level 3.1 Maces & Flails
 + Level 3.4 Dodging
 - Level 1.4 Stealth
 + Level 9.7 Spellcasting
 + Level 7.5 Conjurations
 + Level 9.5 Fire Magic


You had 21 spell levels left.
You knew the following spells:

 Your Spells              Type           Power      Damage    Failure   Level
a - Foxfire               Conj/Fire      100%       2x1d9     1%          1
b - Scorch                Fire           100%       2d9       1%          2
c - Flame Wave            Conj/Fire      71%        2d16      1%          4

Your spell library contained the following spells:

 Spells                   Type           Power      Damage    Failure   Level
 Magic Dart               Conj           100%       1d8       1%          1
 Searing Ray              Conj           100%       2d8       1%          2
 Inner Flame              Hex/Fire       54%        N/A       1%          3
 Volatile Blastmotes      Fire/Tloc      100%       2d18      1%          3
 Ensorcelled Hibernation  Hex/Ice        24%        N/A       7%          2
 Passwall                 Tmut/Erth      10%        N/A       7%          2
 Fulminant Prism          Conj/Hex       16%        3d11      10%         4
 Swiftness                Air            12%        N/A       14%         3
 Borgnjor's Vile Clutch   Necr/Erth      6%         N/A       78%         5
 Death Channel            Necr           6%         N/A       100%        6
 Animate Dead             Necr           Unusable   N/A       N/A         4

Dungeon Overview and Level Annotations

Branches:
Dungeon (7/15) Zot: 2158   Temple (0/1) D:6

Altars:
Gozag
Hepliaklqana
Qazlal
Sif Muna
Vehumet

Shops:
D:4 =   D:6 !   D:7 !

Annotations:
D:7 Joseph


Innate Abilities, Weirdness & Mutations

You passively map the area around you.
You are easily found by Zot.
You glow in the dark.
You regain HP and MP as you explore.


Message History

The foxfire hits Joseph but does no damage.
Joseph is moderately wounded.
Casting: Scorch (safe; 1% risk of failure)
Confirm with . or Enter, or press ? or * to list all spells.
You feel a surge of power!
Flames lash Joseph.
Joseph is burned terribly!
Joseph is heavily wounded.
You feel sick.
Joseph unwields a +0 quarterstaff.
Joseph wields a +0 sling.
Joseph shoots a sling bullet.
The sling bullet hits you!
* * * LOW HITPOINT WARNING * * *
Casting: Scorch (safe; 1% risk of failure)
Confirm with . or Enter, or press ? or * to list all spells.
You feel a surge of power!
Flames lash Joseph.
Joseph is burned terribly!
Joseph is severely wounded.
You feel sick.
Unknown command.
Casting: Scorch (safe; 1% risk of failure)
Confirm with . or Enter, or press ? or * to list all spells.
You feel a surge of power!
Flames lash Joseph.
Joseph is burned terribly!
Joseph is almost dead.
You feel sick.
You are no longer poisoned.
Joseph shoots a sling bullet.
The sling bullet barely misses you.
Casting: Scorch (safe; 1% risk of failure)
Confirm with . or Enter, or press ? or * to list all spells.
You feel a surge of power!
You conjure some foxfire!
The foxfire hits Joseph.
Joseph is burned terribly!
Joseph is almost dead.
Unknown command.
You hit Joseph but do no damage.
Joseph is almost dead.
The foxfire hits Joseph but does no damage.
Joseph is almost dead.
Joseph unwields a +0 sling.
Joseph wields a +0 quarterstaff.
Joseph hits you with a +0 quarterstaff.
* * * LOW HITPOINT WARNING * * *
You hit Joseph but do no damage.
Joseph is almost dead.
Joseph hits you with a +0 quarterstaff!
You die...
Your body crumbles into a pile of gold.

........##..). * ,, ,#.
$, , ...##..##....#, #
,,... * , ...##.##..#..#*
.##*#.## *
......#..##..###..##(!?#
,,* ,
#####.#.###.#,....#!:.$$*
* *#.........###.. .$} ,
...##.#.....#!###.#$$ $
,* , , ##
#.#..###..##$ยง# $ ,, ,
..##..##..#@@## * * *
##..##..#..$.##*, , $ ,
##. #.....## , , * #
,###.### , , , * ....** $
,#..## *,, , , , * #.. ,*
, * ,#.# , _ , ,## , , ,
,, , ,


You could see Joseph (combustible).

Vanquished Creatures
  A hornet (D:7)
  Grinder (D:4)
  Sigmund (D:4)
  Eustachio (D:5)
  Duvessa (D:6)
  A water moccasin (D:7)
  2 orc warriors
  3 ice beasts (D:7)
  A sky beast (D:6)
  A black bear (D:6)
  An ogre (D:6)
  A kobold brigand (D:7)
  Blork the orc (D:6)
  A gnoll sergeant (D:5)
  A wight (D:7)
  Dowan (D:6)
  2 killer bees (D:7)
  3 howler monkeys
  2 hounds
  6 jellies
  A sleepcap (D:7)
  2 iguanas
  3 orc wizards
  4 gnolls (D:5)
  5 adders
  A shadow imp (D:7)
  2 white imps (D:6)
  An ufetubus (D:7)
  A worm (D:2)
  10 orcs
  3 endoplasms
  A giant cockroach (D:2)
  2 goblins
  4 hobgoblins
  2 kobolds
  2 quokkas
  A bat (D:2)
  2 frilled lizards
79 creatures vanquished.

Vanquished Creatures (collateral kills)
  A foxfire (D:6)
1 creature vanquished.

Vanquished Creatures (others)
  166 foxfires
166 creatures vanquished.

Grand Total: 246 creatures vanquished

Notes
Turn   | Place    | Note
-------+----------+-------------------------------------------
     0 | D:1      | hawla the Meteoran Fire Elementalist began the quest for
                  | the Orb.
     0 | D:1      | Reached XP level 1. HP: 14/14 MP: 5/5
    46 | D:1      | Reached XP level 2. HP: 14/20 MP: 4/6
    49 | D:1      | Learned a level 2 spell: Scorch
   226 | D:2      | Reached XP level 3. HP: 26/26 MP: 4/8
   418 | D:4      | Noticed Sigmund
   438 | D:4      | Killed Sigmund
   439 | D:4      | Reached skill level 5 in Fire Magic
   439 | D:4      | Reached XP level 4. HP: 20/33 MP: 0/11
   439 | D:4      | Reached XP level 5. HP: 23/38 MP: 0/12
   439 | D:4      | Reached XP level 6. HP: 27/45 MP: 0/13
   457 | D:4      | Learned a level 4 spell: Flame Wave
   593 | D:4      | Noticed Grinder
   600 | D:4      | Killed Grinder
   601 | D:4      | Reached skill level 5 in Conjurations
   601 | D:4      | Reached XP level 7. HP: 39/50 MP: 5/14
   607 | D:4      | Found Uneff's Jewellery Emporium.
   760 | D:4      | Found an opulent altar of Gozag.
   945 | D:4      | Became a worshipper of Gozag Ym Sagoz the Greedy
  1090 | D:4      | Found a hazy altar of Hepliaklqana.
  1090 | D:4      | Found a stormy altar of Qazlal.
  1097 | D:4      | Found a faded altar of an unknown god.
  1099 | D:4      | Found a shimmering blue altar of Sif Muna.
  1101 | D:4      | Found a radiant altar of Vehumet.
  1151 | D:5      | Entered Level 5 of the Dungeon
  1207 | D:5      | Reached skill level 5 in Spellcasting
  1252 | D:5      | Reached XP level 8. HP: 57/57 MP: 11/16
  1385 | D:5      | Noticed Eustachio
  1391 | D:5      | Killed Eustachio
  1650 | D:6      | Noticed Blork the orc
  1659 | D:6      | Killed Blork the orc
  1671 | D:6      | Gained mutation: You passively map the area around you.
                  | [Meteoran growth]
  1671 | D:6      | Reached XP level 9. HP: 59/62 MP: 9/20
  1681 | D:6      | Found a staircase to the Ecumenical Temple.
  1690 | D:6      | Identified the +1 mace of Orhor {heavy, rElec Int+3 SInv}
  1802 | D:6      | Found Kokkuob's Distillery.
  1804 | D:6      | Noticed Dowan
  1806 | D:6      | Noticed Duvessa
  1810 | D:6      | Killed Dowan
  1818 | D:6      | Killed Duvessa
  1828 | D:6      | Bought a potion of flight for 42 gold pieces
  1828 | D:6      | Bought a potion of lignification for 42 gold pieces
  1828 | D:6      | Bought 2 potions of curing for 84 gold pieces
  1843 | D:7      | Found Zaurub's Distillery.
  1855 | D:7      | Bought a potion of degeneration for 12 gold pieces
  1949 | D:7      | Reached skill level 1 in Maces & Flails
  1964 | D:7      | Noticed a hornet
  1968 | D:7      | Reached XP level 10. HP: 70/70 MP: 3/24
  2019 | D:7      | Noticed Joseph
  2028 | D:7      | Mangled by Joseph

Illustrated notes

Levels and vault maps discovered:
D:1:      nicolae_arrival_memento_mori, layout_loops_cross,
          minmay_misc_feat_cross, chequers_arboretum, nrook_uturn
D:2:      layout_loops_cross
D:3:      layout_basic, zin_angel, kennysheep_orc_chapel
D:4:      layout_basic, chequers_temple_overflow_minitemple,
          amcnicky_altar_gilded, serial_shops, shop, uniq_grinder, uniq_sigmund
D:5:      layout_loops_corners, kennysheep_mini,
          nicolae_wu_jian_immortal_techniques, uniq_eustachio
D:6:      layout_loops_ring, minmay_temple_entry_ruins, serial_shops, shop,
          kennysheep_nondescript, uniq_menkaure, uniq_duvessa,
          uniq_blork_the_orc
D:7:      minmay_the_grid_octo_tiled_squarecenter
          [minmay_the_grid_octo_pinwheel, minmay_the_grid_octo_shrine,
          minmay_the_grid_octo_horde, minmay_the_grid_octo_tetromino_candy,
          minmay_the_grid_square_5x5_megaprize_hollow,
          minmay_the_grid_square_5x5_inset, minmay_the_grid_square_5x5_inner_z,
          minmay_the_grid_square_5x5_seven,
          minmay_the_grid_square_5x5_hourglass], layout_loops_cross,
          serial_shops, nicolae_shop_industrial_runoff, uniq_joseph

Skill      XL: |  1  2  3  4  5  6  7  8  9 10 |
---------------+-------------------------------+-----
Fire Magic     | 4 5 6 7 9 |  9.5
Spellcasting   | 3 4 5 7 9 |  9.7
Dodging        | 3 |  3.4
Conjurations   | 2 5 6 7 |  7.5
Maces & Flails | 2 3 |  3.1
Fighting       | |  0.7
Stealth        | |  1.4

Action                     |  1- 3 |  4- 6 |  7- 9 | 10-12 || total
---------------------------+-------+-------+-------+-------++-------
  Melee: Unarmed           |     8 |       |       |       ||     8
         Mace              |       |       |     5 |     8 ||    13
   Cast: Foxfire           |    35 |    13 |    52 |     5 ||   105
         Scorch            |     5 |     4 |    32 |     4 ||    45
         Flame Wave        |       |       |    10 |     1 ||    11
    Use: Scroll            |     1 |       |       |       ||     1
         Potion            |       |       |     2 |       ||     2
 Armour: Robe              |     2 |       |     4 |     1 ||     7
         Skin              |       |       |     4 |    20 ||    24
  Dodge: Dodged            |     6 |     2 |    25 |     5 ||    38
